 Dungeon Crawl Stone Soup version 0.29.0-11-gd7f09526c8 (webtiles) character file.

Game seed: 135614631038201069

2719 Zeldest the Changer (level 9, -1/72 HPs)
             Began as a Black Draconian Wanderer on Sept 5, 2022.
             Was an Initiate of Yredelemnul.
             Slain by a hornet (9 damage)
             ... while paralysed by a hornet
             ... on level 7 of the Dungeon.
             The game lasted 00:14:02 (8714 turns).

Zeldest the Changer (Black Draconian Wanderer)      Turns: 8714, Time: 00:14:03

Health: -1/72      AC:  8    Str: 15    XL:     9   Next: 39%
Magic:  7/15       EV:  2    Int: 15    God:    Yredelemnul [......]
Gold:   355        SH:  0    Dex: 12    Spells: 12/16 levels left

rFire   . . .      SeeInvis .   o - +1 short sword (elec)
rCold   . . .      Faith    .   (no shield)
rNeg    . . .      Spirit   .   (body armour unavailable)
rPois   .          Reflect  .   (helmet restricted)
rElec   +          Harm     .   h - scarf {shadows}
rCorr   .          Rampage  .   (no gloves)
Will    .....                   l - +0 pair of boots
Stlth   +.........              (no amulet)
HPRegen 0.22/turn               (no ring)
MPRegen 0.14/turn               (no ring)

@: paralysed, lethally poisoned (-1 -> -11), very slightly contaminated, slowed
A: breathe lightning, AC +7, unfitting armour, electricity resistance,
cold-blooded
a: Breathe Lightning, Renounce Religion, Recall Undead Harvest


You were on level 7 of the Dungeon.
You worshipped Yredelemnul.
Yredelemnul was noncommittal.
You visited 2 branches of the dungeon, and saw 9 of its levels.

You collected 355 gold pieces.

Inventory:

Hand Weapons
 a - a +1 flail
 o - a +1 short sword of electrocution (weapon)
Missiles
 f - 8 curare-tipped darts
Armour
 h - a scarf of shadows (worn)
 l - a +0 pair of boots (worn)
Wands
 g - a wand of flame (27)
Scrolls
 b - 3 scrolls of butterflies
 c - 7 scrolls of identify
 d - a scroll of silence
 e - a scroll of summoning {unknown}
 i - 8 scrolls of teleportation
 n - a scroll of immolation {unknown}
 p - 4 scrolls of magic mapping {unknown}
 s - 4 scrolls of torment {unknown}
 t - 2 scrolls of vulnerability {unknown}
 v - 3 scrolls of amnesia {unknown}
 w - a scroll of blinking {unknown}
 y - 2 scrolls of poison {unknown}
Potions
 j - a potion of might {unknown}
 k - 3 potions of curing
 m - 2 potions of resistance
 q - 3 potions of mutation {unknown}
 r - 3 potions of brilliance {unknown}
 u - a potion of attraction {unknown}
 x - 3 potions of haste {unknown}
 z - 2 potions of degeneration {unknown}
 A - a potion of magic {unknown}
 B - a potion of berserk rage {unknown}


   Skills:
 - Level 4.3 Fighting
 - Level 3.0 Maces & Flails
 + Level 5.7 Unarmed Combat
 - Level 4.0 Spellcasting
 * Level 7.3 Transmutations
 * Level 6.6 Air Magic
 - Level 1.6 Poison Magic
 + Level 4.9 Invocations
 - Level 1.0 Evocations


You had 12 spell levels left.
You knew the following spells:

 Your Spells              Type           Power      Damage    Failure   Level
a - Spider Form           Tmut/Pois      16%        N/A       9%          3
b - Sting                 Tmut/Pois      64%        1d6       2%          1

Your spell library contained the following spells:

 Spells                   Type           Power      Damage    Failure   Level
 Magic Dart               Conj           12%        1d3       19%         1
 Searing Ray              Conj           6%         2d4       26%         2
 Ozocubu's Armour         Ice            3%         N/A       47%         3
 Fulminant Prism          Conj/Hex       1%         3d6       87%         4
 Ozocubu's Refrigeration  Ice            1%         4d7       100%        7
 Chain Lightning          Conj/Air       6%         3d8       100%        9
 Fire Storm               Conj/Fire      1%         8d1       100%        9
 Shatter                  Erth           1%         3d6*      100%        9


Dungeon Overview and Level Annotations

Branches:
Dungeon (8/15)             Temple (1/1) D:4
   Lair: D:8-11

Altars:
Ashenzari
Cheibriados
Fedhas
Gozag
Hepliaklqana
Kikubaaqudgha
Makhleb
Nemelex Xobeh
Okawaru
Qazlal
Ru
Sif Muna
Uskayaw
Vehumet
Wu Jian
Yredelemnul
Zin
The Shining One

Shops:
D:3 *   D:4 *


Innate Abilities, Weirdness & Mutations

You can breathe wild blasts of lightning.
Your glossy black scales are hard. (AC +7)
You cannot fit into any form of body armour.
You are resistant to electric shocks. (rElec)
You are cold-blooded and may be slowed by cold attacks.


Message History

Aim: a hornet (60% to hit)
The sting misses the hornet.
You feel very sick. The hornet stings you.
You are more poisoned.
You feel as though you will be slow longer.
The hornet stings you!
You are more poisoned.
You feel as though you will be slow longer.
Casting: Sting (safe; 2% risk of failure)
Confirm with . or Enter, or press ? or * to list all spells.
Aiming: Sting (safe; 2% risk of failure)
Press: ? - help, Shift-Dir - straight line, f/p - hornet
Aim: a hornet (60% to hit)
The sting hits the hornet but does no damage.
The hornet is poisoned.
You feel extremely sick. The hornet barely misses you.
The hornet stings you but does no damage.
Casting: Sting (safe; 2% risk of failure)
Confirm with . or Enter, or press ? or * to list all spells.
Aiming: Sting (safe; 2% risk of failure)
Press: ? - help, Shift-Dir - straight line, f/p - hornet
Aim: a hornet (lightly wounded, poisoned, 60% to hit)
The sting hits the hornet but does no damage.
The hornet looks even sicker.
The hornet is lightly wounded.
* * * LOW HITPOINT WARNING * * *
You feel extremely sick. The hornet barely misses you. x3
Okay, then.
You completely miss the hornet.
The hornet is lightly wounded.
* * * LOW HITPOINT WARNING * * *
You feel very sick. The hornet stings you.
* * * LOW HITPOINT WARNING * * *
You suddenly lose the ability to move!
The hornet stings you!
You die...
Your body rises from the dead as a mindless zombie.

.....#....# ####.######
....Z###### #.........#
....Z# ##### #.........#
###..######...###)........#
##Z...Z.....##..........#
########..<.#..........#
#.##.#).#.#######
#.#...y.#.# #.#.#.@.#.#
#(#.##.##Z# #.#.##.##.#
#...##.##.# ######....#
######


You could see a hornet (very poisoned).

Vanquished Creatures
  3 sky beasts
  A black bear (D:6)
  2 centaurs
  2 ogres
  2 phantoms
  A necrophage (D:5)
  A bullfrog (D:6)
  4 scorpions
  5 wights (D:7)
  A howler monkey (D:6)
  2 jellies (D:5)
  2 orc priests
  2 gnoll boudas
  2 hounds (D:6)
  4 iguanas
  4 orc wizards
  5 gnolls
  7 adders
  2 shadow imps
  2 white imps
  2 ufetubi
  2 iguana zombies
  A jelly zombie (D:5)
  2 worms
  13 orcs
  5 bats
  6 endoplasms
  10 giant cockroaches
  6 hobgoblins
  6 kobolds
  3 quokkas (D:2)
  5 ball pythons
  5 frilled lizards
  4 goblins
  3 rats
127 creatures vanquished.

Vanquished Creatures (collateral kills)
  An orc warrior (D:6)
  A sky beast (D:6)
  A phantom (D:6)
  A bullfrog (D:6)
  A scorpion (D:6)
  A hound (D:7)
  A jelly (D:7)
  An orc priest (D:6)
  An iguana (D:6)
  An orc wizard (D:5)
  2 gnolls
  A shadow imp (D:6)
  2 white imps (D:6)
  4 orcs (D:6)
  A hobgoblin (D:3)
20 creatures vanquished.

Vanquished Creatures (others)
  A bullfrog zombie (D:6)
  A scorpion zombie (D:5)
  2 sky beast zombies
  A hound zombie (D:7)
  3 adder zombies (D:6)
  2 gnoll zombies (D:6)
  2 iguana zombies (D:6)
  A spectral shadow imp (D:5)
  A spectral white imp (D:6)
  An endoplasm zombie (D:4)
  A giant cockroach zombie (D:4)
  10 orc zombies
  A spectral ufetubus (D:6)
27 creatures vanquished.

Grand Total: 174 creatures vanquished

Notes
Turn   | Place    | Note
-------+----------+-------------------------------------------
     0 | D:1      | Zeldest the Draconian Wanderer began the quest for the Orb.
     0 | D:1      | Zeldest set off with the following items: a +1 flail, a
                  | scroll of butterflies; and the following spell memorised:
                  | Sting; and the following spells available to memorise:
                  | Spider Form.
     0 | D:1      | Reached XP level 1. HP: 22/22 MP: 2/2
   275 | D:1      | Reached XP level 2. HP: 28/28 MP: 3/3
   431 | D:1      | Reached skill level 1 in Unarmed Combat
   616 | D:1      | Reached skill level 1 in Poison Magic
  1033 | D:2      | Reached XP level 3. HP: 34/34 MP: 4/4
  1068 | D:2      | Reached skill level 2 in Transmutations
  1368 | D:2      | Reached XP level 4. HP: 24/41 MP: 6/6
  1376 | D:2      | Found a radiant altar of Vehumet.
  1396 | D:2      | Found a faded altar of an unknown god.
  1787 | D:2      | Identified the +1 leather armour "Vuefarum" {rPois rF+
                  | Str-2}
  2242 | D:3      | Found an ornate altar of the Wu Jian Council.
  2319 | D:3      | You fall into a shaft and drop 1 floor!
  2320 | D:4      | Found a staircase to the Ecumenical Temple.
  2327 | Temple   | Entered the Ecumenical Temple
  2376 | Temple   | Became a worshipper of Yredelemnul the Dark
  2519 | D:4      | Found a broken altar of Ashenzari.
  2632 | D:4      | Found Faam's Overcharged Wands.
  2665 | D:4      | Noticed a centaur
  2678 | D:4      | HP: 3/61 [centaur (2)]
  2680 | D:4      | Killed a centaur
  2681 | D:4      | Reached skill level 3 in Transmutations
  2681 | D:4      | Reached XP level 5. HP: 24/47 MP: 6/8
  3051 | D:4      | Noticed an ogre
  3062 | D:4      | Killed an ogre
  3063 | D:4      | Reached skill level 1 in Invocations
  3063 | D:4      | Reached XP level 6. HP: 53/53 MP: 9/9
  3695 | D:3      | Found Ecuc's Assorted Antiques.
  3907 | D:3      | Reached * piety under Yredelemnul
  4372 | D:5      | Entered Level 5 of the Dungeon
  4566 | D:5      | Reached skill level 4 in Transmutations
  4570 | D:5      | Your scales start taking on a glossy black colour.
  4570 | D:5      | Reached XP level 7. HP: 45/60 MP: 9/11
  4570 | D:5      | Gained mutation: You are resistant to electric shocks.
                  | (rElec) [Black Draconian growth]
  4713 | D:5      | Reached skill level 1 in Air Magic
  5413 | D:5      | Reached skill level 5 in Transmutations
  6132 | D:6      | Reached XP level 8. HP: 63/67 MP: 11/13
  6396 | D:6      | Reached ** piety under Yredelemnul
  6636 | D:6      | Reached skill level 6 in Transmutations
  6645 | D:6      | Reached skill level 5 in Unarmed Combat
  6775 | D:6      | Reached skill level 5 in Air Magic
  7393 | D:6      | Reached XP level 9. HP: 57/72 MP: 15/15
  7723 | D:7      | Learned a level 3 spell: Spider Form
  7841 | D:7      | Reached skill level 7 in Transmutations
  7851 | D:7      | HP: 3/72 [gnoll bouda/+0 whip (7)]
  8714 | D:7      | Paralysed by a hornet for 1 turns
  8714 | D:7      | Slain by a hornet

Illustrated notes

Levels and vault maps discovered:
D:1:      minmay_arrival_doors, layout_basic, minmay_stone_trees_medium
D:2:      layout_rooms, shapermc_ecumenical_altar_venn, basic_altar,
          minmay_pentomino_s2
D:3:      layout_basic, mainiacjoe_overflow_catwalk, serial_shops,
          nicolae_square_shop, serial_curves, eino_curves_04, eino_curves_01,
          eino_curves_04, chequers_serial_rivers_large_a
D:4:      layout_loops_cross, nicolae_overflow_hidden_temple,
          ashenzari_conservatory_becter, minmay_temple_entry_junction_2,
          nicolae_shop_overcharged_wands
D:5:      layout_basic
D:6:      layout_rooms, minmay_alternating_orb
D:7:      layout_basic
D:8:      layout_rooms, nicolae_dithmenos_the_darkroom
Temple:   lightli_temple_of_artemis

Skill      XL: |  1  2  3  4  5  6  7  8  9 |
---------------+----------------------------+-----
Unarmed Combat | 1 2 3 4 5 |  5.7
Poison Magic   | 1 |  1.6
Transmutations | 2 3 4 5 6 7 |  7.3
Spellcasting   | 2 3 4 |  4.0
Invocations    | 1 2 3 4 |  4.9
Air Magic      | 3 5 6 |  6.6
Fighting       | |  4.3
Maces & Flails | |  3.0
Evocations     | |  1.0

Action                   |  1- 3 |  4- 6 |  7- 9 || total
-------------------------+-------+-------+-------++-------
Melee: Flail             |   108 |    32 |       ||   140
       Tailslap          |     7 |    15 |    24 ||    46
       Short sword       |       |    57 |   244 ||   301
       Punch             |       |     1 |     7 ||     8
       Unarmed           |       |       |    71 ||    71
Throw: Dart              |       |     7 |     2 ||     9
 Cast: Spider Form       |       |       |     8 ||     8
       Sting             |       |       |     3 ||     3
Invok: Dark Bargain      |       |       |     2 ||     2
 Abil: Breathe Lightning |       |       |     6 ||     6
       End Transformatio |       |       |     1 ||     1
  Use: Potion            |       |     2 |     5 ||     7
       Scroll            |       |       |     3 ||     3
 Stab: Sleeping          |     1 |     2 |       ||     3
       Distracted        |       |       |     1 ||     1
Armor: Skin              |    58 |    38 |   130 ||   226
Dodge: Dodged            |    95 |    57 |   184 ||   336
